 Dungeon Crawl Stone Soup version 0.26-a0-996-g6b303dbc09 (webtiles) character file.

Game seed: 9267282611353329859

135 Conn the Sneak (level 5, -13/31 HPs)
             Began as an Octopode Fire Elementalist on Dec 6, 2020.
             Killed from afar by an adder (39 damage)
             ... with an exploding inner flame
             ... on level 4 of the Dungeon.
             The game lasted 00:04:45 (2410 turns).

Conn the Sneak (Octopode Fire Elementalist)         Turns: 2410, Time: 00:04:46

Health: -13/31     AC:  1    Str:  7    XL:     5   Next: 18%
Magic:  5/8        EV: 15    Int: 18    God:
Gold:   152        SH:  0    Dex: 13    Spells: 1/8 levels left

rFire    . . .     SeeInvis .   h - +0 dagger
rCold    . . .     Faith    .   (no shield)
rNeg     . . .     Spirit   .   (helmet restricted)
rPois    .         Reflect  .   (no amulet)
rElec    .         Harm     .   (no ring)
rCorr    .         Rampage  .   (no ring)
MR       .....                  (no ring)
Stlth    ++++......             (no ring)
HPRegen  0.10/turn              (no ring)
MPRegen  0.11/turn              (no ring)
                                (no ring)
                                (no ring)

@: very slightly contaminated
A: almost no armour, stealthy swim, amphibious, 8 rings, constrict 8, camouflage
1, gelatinous body 1
a: no special abilities


You were on level 4 of the Dungeon.
You visited 1 branch of the dungeon, and saw 4 of its levels.

You collected 152 gold pieces.

Inventory:

Hand Weapons
 h - a +0 dagger (weapon)
Missiles
 c - 12 poisoned darts
Scrolls
 a - 7 scrolls of identify {unknown}
 b - a scroll of remove curse
 e - a scroll of immolation
 f - a scroll of teleportation
 i - a scroll of blinking {unknown}
 m - a scroll of amnesia {unknown}
Potions
 d - a potion of resistance {unknown}
 g - a potion of berserk rage {unknown}
 j - 2 potions of attraction {unknown}
 k - a potion of cancellation {unknown}
 l - a potion of curing {unknown}


   Skills:
 + Level 0.1 Short Blades
 * Level 4.4 Dodging
 + Level 4.7 Stealth
 - Level 2.0 Spellcasting
 - Level 1.0 Conjurations
 - Level 3.0 Fire Magic


You had one spell level left.
You knew the following spells:

 Your Spells              Type           Power        Failure   Level
a - Foxfire               Conj/Fire      #...         8%          1
b - Conjure Flame         Conj/Fire      #.......     24%         3
c - Inner Flame           Hex/Fire       #.......     28%         3

Your spell library contained the following spells:

 Spells                   Type           Power        Failure   Level
 Sticky Flame             Conj/Fire      #.......     61%         4
 Fireball                 Conj/Fire      #.........   91%         5


Dungeon Overview and Level Annotations

Branches:
Dungeon (4/15)
 Temple: D:4-7

Altars:
Okawaru
Yredelemnul

Annotations:
D:3 Grinder


Innate Abilities, Weirdness & Mutations

You cannot wear most types of armour.
You are very stealthy in the water. (Stealth+)
You are amphibious.
You can wear up to eight rings at the same time.
You can use your tentacles to constrict eight enemies at once.
Your skin changes colour to match your surroundings (Stealth+).
Your rubbery body absorbs attacks. (AC +1, EV +1)


Message History

Nothing appears to happen.
Casting: Foxfire (safe; 8% risk of failure)
Confirm with . or Enter, or press ? or * to list all spells.
You conjure some foxfire!
The foxfire hits the adder.
Flame seeps out of the adder.
The adder is lightly wounded.
The foxfire hits the adder.
Flame seeps out of the adder.
The adder is lightly wounded.
The adder is engulfed in blazing flames.
Flame seeps out of the adder.
Casting: Foxfire (safe; 8% risk of failure)
Confirm with . or Enter, or press ? or * to list all spells.
You conjure some foxfire!
The foxfire hits the adder.
The adder explodes!
The fiery explosion engulfs your foxfire.
Your foxfire completely resists.
The fiery explosion engulfs you!!!
Ouch! That really hurt!
You die...

#.......# +l......# #....
#.......# #..... #.......#
#.....# #.......# #.....#
+.......# #
#.....###+####<....h.# #
#.......v@§§.°h..)..S#####
#.$.....§v§§(....h.S.ooo..
#.............#######o.o..
#.............# #.....
#.............# #.....
#.....######### #.....
#.....# ...#..... #.....#
....#..... #.....#
....#.....


You could see a howler monkey (inner flame).

Vanquished Creatures
  9 adders
  3 worms (D:2)
  A dart slug (D:1)
  A leopard gecko (D:1)
  6 orcs
  4 bats
  4 giant cockroaches
  6 goblins
  3 hobgoblins (D:2)
  8 kobolds
  2 rats
47 creatures vanquished.

Vanquished Creatures (collateral kills)
  A foxfire (D:2)
1 creature vanquished.

Vanquished Creatures (others)
  131 foxfires
131 creatures vanquished.

Grand Total: 179 creatures vanquished

Notes
Turn   | Place    | Note
-------+----------+-------------------------------------------
     0 | D:1      | Conn the Octopode Fire Elementalist began the quest for the
                  | Orb.
     0 | D:1      | Reached XP level 1. HP: 11/11 MP: 3/3
   430 | D:1      | Reached XP level 2. HP: 17/17 MP: 1/5
   605 | D:1      | You fall into a shaft and drop 1 floor!
   712 | D:2      | Found an iron altar of Okawaru.
   753 | D:2      | Reached XP level 3. HP: 19/21 MP: 2/6
   830 | D:2      | Learned a level 3 spell: Conjure Flame
  1194 | D:2      | Reached XP level 4. HP: 23/27 MP: 2/7
  1715 | D:2      | Found a basalt altar of Yredelemnul.
  1783 | D:3      | Learned a level 3 spell: Inner Flame
  2211 | D:3      | Noticed Grinder
  2318 | D:4      | Reached XP level 5. HP: 31/31 MP: 8/8
  2410 | D:4      | Killed from afar by an adder

Illustrated notes

Levels and vault maps discovered:
D:1:      dpeg_arrival_rooms_a, layout_loops_ring
D:2:      layout_rooms, okawaru_ov_weapons_minmay, yredelemnul_altar_generic,
          minmay_unequal
D:3:      layout_loops_ring, makhleb_blood_cavern_becter, uniq_grinder
D:4:      layout_gridville, serial_shops, shop

Skill      XL: |  1  2  3  4 |
---------------+-------------+-----
Stealth        | 3 4 |  4.7
Dodging        | 3 4 |  4.4
Short Blades   | |  0.1
Spellcasting   | |  2.0
Conjurations   | |  1.0
Fire Magic     | |  3.0

Action                   |  1- 3 |  4- 6 || total
-------------------------+-------+-------++-------
Melee: Unarmed           |    12 |     7 ||    19
       Constrict         |     4 |     7 ||    11
       Tentacles         |     3 |     5 ||     8
       Dagger            |       |    18 ||    18
 Cast: Foxfire           |    45 |    32 ||    77
  Use: Scroll            |       |     3 ||     3
 Stab: Sleeping          |       |     3 ||     3
Armor: Skin              |     4 |       ||     4
Dodge: Dodged            |    15 |    25 ||    40

Table legend: (Time is in decaauts)
 A = Elapsed time spent in this place.
 B = Non-inter-level travel time spent in this place.
 C = Inter-level travel time spent in this place.
 D = Time resting spent in this place.
 E = Time spent auto-exploring this place.
 F = Levels seen in this place.
 G = Mean time per level.
                   A        B        C        D        E       F      G
               +--------+--------+--------+--------+--------+-----+--------+
         Total |   2408 |   2398 |     10 |    303 |   1530 |   4 |  602.0 |
       Dungeon |   2408 |   2398 |     10 |    303 |   1530 |   4 |  602.0 |
               +--------+--------+--------+--------+--------+-----+--------+

Top non-repeatable levels by time:
     D:2: 1172 daAuts
     D:1: 605 daAuts
     D:3: 441 daAuts
     D:4: 189 daAuts
